cohdb
Replays
Latest Replays
All Replays
Popular Replays
Top Player Replays
Match Explorer
How It Works
Community
CoH3 Stats
Reddit
Sign in to upload your games and track your stats! →
Sign in with Steam
Match 46688281
Unlisted
Match 46688281
Overview
Messages
Build Orders
End
Construct Infanterie Kompanie
Selects Mechanized Battlegroup
Grenadier Squad
Grenadier Squad
Grenadier Squad
Selects Mobile Repair Stations
Medical Station
Construct Luftwaffe Kompanie
MG 42 Machine Gun Team
Jäger Squad
Selects Raid Package
221 Scout Car
Jäger Squad
Selects StuG Assault Group
StuG Assault Group
Atheng
대홍단 감자
crywo1f
derank c[o]mpany
0
0
Comments
sign in to comment!
No comments posted yet!